 Dungeon Crawl Stone Soup version 0.28.0-47-ge53b351184 (webtiles) character file.

Game seed: 3872401392129506144

149 bobregger the Skirmisher (level 5, 0/88 HPs)
             Began as an Ogre Berserker on Apr 28, 2022.
             Was a Believer of Trog.
             Succumbed to an adder's poison
             ... on level 4 of the Dungeon.
             The game lasted 00:02:49 (3264 turns).

bobregger the Skirmisher (Ogre Berserker)           Turns: 3264, Time: 00:02:50

Health: 0/88       AC:  3    Str: 21    XL:     5   Next: 31%
Magic:  5/5        EV: 10    Int:  8    God:    Trog [**....]
Gold:   120        SH:  0    Dex: 10    Spells: 4/4 levels left

rFire   . . .      SeeInvis .   a - +0 mace
rCold   . . .      Faith    .   (no shield)
rNeg    . . .      Spirit   .   b - +0 animal skin
rPois   .          Reflect  .   (helmet restricted)
rElec   .          Harm     .   (no cloak)
rCorr   .          Rampage  .   (gloves unavailable)
Will    .....                   (boots unavailable)
Stlth   ..........              (no amulet)
HPRegen 0.24/turn               (no ring)
MPRegen 0.09/turn               (no ring)

@: berserking (expiring), lethally poisoned (0 -> -4), very quick
A: large, unfitting armour, tough skin 1
a: Renounce Religion, Berserk, Trog's Hand


You were on level 4 of the Dungeon.
You worshipped Trog.
Trog was pleased with you.
You visited 1 branch of the dungeon, and saw 4 of its levels.

You collected 120 gold pieces.

Inventory:

Hand Weapons
 a - a +0 mace (weapon)
Armour
 b - a +0 animal skin (worn)
Scrolls
 c - 2 scrolls of magic mapping {unknown}
 d - 4 scrolls of identify {unknown}
 f - 4 scrolls of teleportation {unknown}
 i - a scroll of fear {unknown}
 j - a scroll of amnesia {unknown}
 l - a scroll of enchant weapon {unknown}
Potions
 e - a potion of curing {unknown}
 g - 2 potions of mutation {unknown}
 h - a potion of haste {unknown}
 k - 2 potions of cancellation {unknown}


   Skills:
 * Level 5.8 Fighting
 + Level 3.3 Maces & Flails
 * Level 3.9 Dodging


You had 4 spell levels left.
You didn't know any spells.
Your spell library was empty.

Dungeon Overview and Level Annotations

Branches:
Dungeon (4/15)
 Temple: D:4-7

Altars:
Trog

Shops:
D:1 (


Innate Abilities, Weirdness & Mutations

You are too large for most types of armour.
You have tough skin. (AC +1)


Message History

The adder poisons you! The hound bites you.
A ball python comes into view.
You are too injured to fight recklessly!
You are too injured to fight recklessly!
You barely miss the hound.
You feel sick. The hound closely misses you. The adder bites you.
You are more poisoned.
The adder poisons you! The hound bites you. The adder closely misses you.
A red film seems to cover your vision as you go berserk!
You feel yourself moving faster!
You feel mighty!
You feel sick. The hound closely misses you. The adder bites you.
You closely miss the hound.
You feel sick. The hound completely misses you. The adder bites you.
The hound bites you.
* * * LOW HITPOINT WARNING * * *
You barely miss the hound.
You feel sick. The adder bites you.
* * * LOW HITPOINT WARNING * * *
The hound misses you.
You closely miss the hound.
You feel sick. The adder bites you.
* * * LOW HITPOINT WARNING * * *
The hound bites you.
* * * LOW HITPOINT WARNING * * *
You miss the hound. The adder misses you. The hound bites you.
* * * LOW HITPOINT WARNING * * *
You barely miss the hound.
You feel sick. The hound barely misses you.
The adder bites you but does no damage. The ball python bites you.
* * * LOW HITPOINT WARNING * * *
You thump the hound!
The hound is heavily wounded.
You feel sick. The hound bites you.
* * * LOW HITPOINT WARNING * * *
The adder barely misses you. The hound bites you.
* * * LOW HITPOINT WARNING * * *
The ball python bites you.
* * * LOW HITPOINT WARNING * * *
The adder bites you.
* * * LOW HITPOINT WARNING * * *
You are more poisoned.
The adder poisons you!
Unknown command.
You die...

.#.....≈≈
....#.≈# ≈..#
......≈# ≈..##
.....≈#+#≈....
#####..(≈≈.≈≈....
#................
.................
.......<.........
.......#.@S......
#......#..h#.....
##........S......
#...............
.................
..........##+#...
..........# .#+
.#....#.. #
#...<...


You could see a hound, an adder and a ball python.

Vanquished Creatures
  A phantom (D:3)
  An adder (D:2)
  A worm (D:2)
  2 dart slugs
  5 bats
  4 endoplasms
  3 giant cockroaches
  2 goblins
  3 hobgoblins
  9 jackals
  2 quokkas (D:1)
  6 ball pythons
  2 frilled lizards
  12 kobolds
  6 rats
59 creatures vanquished.

Vanquished Creatures (others)
  3 plants (D:1)
3 creatures vanquished.

Grand Total: 62 creatures vanquished

Notes
Turn   | Place    | Note
-------+----------+-------------------------------------------
     0 | D:1      | bobregger the Ogre Berserker began the quest for the Orb.
     0 | D:1      | Reached XP level 1. HP: 24/24 MP: 1/1
    22 | D:1      | Found Qusaume's Weapon Shoppe.
    46 | D:1      | Reached XP level 2. HP: 22/32 MP: 2/2
   454 | D:1      | Reached XP level 3. HP: 35/40 MP: 3/3
   984 | D:1      | Reached ** piety under Trog
  1394 | D:2      | Reached skill level 5 in Fighting
  1562 | D:2      | Reached XP level 4. HP: 48/50 MP: 4/4
  1686 | D:2      | Found a bloodstained altar of Trog.
  2657 | D:3      | Noticed a phantom
  2671 | D:3      | Killed a phantom
  2672 | D:3      | Reached XP level 5. HP: 36/59 MP: 5/5
  3263 | D:4      | HP: 3/88 [ball python (2)]
  3263 | D:4      | HP: 1/88 [adder (2)]
  3264 | D:4      | Succumbed to an adder's poison

Illustrated notes

Levels and vault maps discovered:
D:1:      eino_arrival_druids_welcome, layout_loops_ring, serial_shops,
          nicolae_shop_advertising_works [nicolae_subvault_shop_adworks]
D:2:      layout_loops_ring, basic_altar
D:3:      layout_basic, minivault_24, wad_floor_pattern_untrapped,
          minmay_misc_feat_four_crosses
D:4:      layout_basic, serial_shops, kennysheep_mini_moat, serial_forest,
          infiniplex_forest_clump_small, infiniplex_forest_side_room,
          infiniplex_forest_side_room, infiniplex_forest_clump_long,
          infiniplex_forest_end_2, infiniplex_forest_side_room,
          infiniplex_forest_clump_large, uniq_robin

Skill      XL: |  1  2  3 |
---------------+----------+-----
Dodging        | 3 |  3.9
Maces & Flails | 3 |  3.3
Fighting       | 5 |  5.8

Action                   |  1- 3 |  4- 6 || total
-------------------------+-------+-------++-------
Melee: Mace              |   135 |    81 ||   216
       Punch             |     1 |     3 ||     4
Invok: Berserk           |       |     2 ||     2
Armor: Animal skin       |    83 |    20 ||   103
Dodge: Dodged            |    96 |    47 ||   143
